 Dungeon Crawl Stone Soup version 0.31-a0-175-g9f7f995f2b (webtiles) character file.

Game seed: 732001832324675499

105351 jasper the Imperceptible (level 15, -10/71 HPs)
             Began as a Spriggan Brigand on June 15, 2023.
             Was a Follower of Elyvilon.
             Killed from afar by a frost giant (28 damage)
             ... with a bolt of cold
             ... on level 1 of the Depths on June 16, 2023.
             The game lasted 01:16:28 (32274 turns).

jasper the Imperceptible (Spriggan Brigand)        Turns: 32274, Time: 01:16:29

Health: -10/71     AC: 17    Str:  7    XL:     15   Next: 94%
Magic:  26/26      EV: 20    Int: 17    God:    Elyvilon [*.....]
Gold:   2113       SH:  6    Dex: 20    Spells: 4/25 levels left

rFire   . . .        l - +3 dagger (venom)
rCold   . . .        I - +0 buckler
rNeg    . . .        O - +2 acid dragon scales
rPois   .            K - +2 hat
rElec   .            P - +2 cloak {Stlth+}
rCorr   +            (gloves unavailable)
SInv    +            (boots unavailable)
Will    ++...        G - amulet of faith
Stlth   +++++++++    Z - ring of wizardry
HPRegen 0.31/turn    J - +4 ring of protection
MPRegen 0.20/turn

%: faith, wizardry (x1)
@: studying Short Blades, very quick
A: very small, no large weapons, unfitting armour, see invisible, speed 3
a: Renounce Religion, Purification


You were on level 1 of the Depths.
You worshipped Elyvilon.
Elyvilon was aware of your devotion.
You visited 8 branches of the dungeon, and saw 27 of its levels.
You also visited: Gauntlet.

You collected 2693 gold pieces.
You spent 580 gold pieces at shops.

Inventory:

Hand Weapons
 l - a +3 dagger of venom (weapon)
 T - the +11 long sword of Antique Reinforcement {venom, Fly rF+ Dex+2}
   (You found it on level 2 of the Lair of Beasts)

   Dex:       It affects your dexterity (+2).
   rF:        It protects you from fire.
   Fly:       It grants you flight.
Missiles
 e - 7 curare-tipped darts
 g - 3 silver boomerangs
 z - 40 poisoned darts (quivered)
 D - 10 atropa-tipped darts
Armour
 r - the +1 cloak of Lubbush {rN+}
   (You found it on level 2 of the Lair of Beasts)

   rN:        It protects you from negative energy.
 I - a +0 buckler (worn)
 K - a +2 hat (worn)
 O - +2 acid dragon scales (worn)
 P - a +2 cloak of stealth (worn)
Magical Staves
 b - a staff of earth
Jewellery
 A - an amulet of reflection
 G - an amulet of faith (around neck)
 J - a +4 ring of protection (right hand)
 M - a ring of protection from cold
 Z - a ring of wizardry (left hand)
Wands
 a - a wand of flame (30)
 s - a wand of polymorph (12)
 y - a wand of digging (4)
 E - a wand of roots (6)
Scrolls
 f - 3 scrolls of enchant weapon
 i - 3 scrolls of immolation
 j - 4 scrolls of fog
 k - 3 scrolls of vulnerability
 m - 2 scrolls of poison
 v - 2 scrolls of revelation
 w - a scroll of amnesia
 F - 4 scrolls of fear
 N - a scroll of brand weapon
 R - 8 scrolls of identify
 X - 3 scrolls of butterflies
Potions
 c - a potion of cancellation {unknown}
 n - 3 potions of brilliance
 o - 2 potions of lignification
 t - 6 potions of magic
 u - 5 potions of curing
 B - 2 potions of haste
 C - 4 potions of enlightenment
 H - 3 potions of invisibility
 L - a potion of mutation
 Q - 3 potions of ambrosia
 U - 2 potions of might
 V - 6 potions of heal wounds
 W - a potion of resistance
Miscellaneous
 d - a tin of tremorstones (inert)
 p - a lightning rod (1/4)
 q - a phantom mirror (inert)
 x - a sack of spiders (inert)


   Skills:
 - Level 4.9 Fighting
 - Level 10.0 Short Blades
 - Level 5.2 Throwing
 - Level 7.4 Dodging
 - Level 22.1 Stealth
 - Level 4.1 Shields
 + Level 5.6 Spellcasting
 + Level 7.6 Conjurations
 + Level 6.0 Summonings
 - Level 6.0 Air Magic
 - Level 6.5 Poison Magic
 - Level 13.7 Invocations
 - Level 5.1 Evocations


You had 4 spell levels left.
You knew the following spells:

 Your Spells              Type           Power      Damage    Failure   Level
a - Mephitic Cloud        Conj/Pois/Air  27%        N/A       3%          3
b - Orb of Destruction    Conj           15%        9d7       99%         7
c - Spellforged Servitor  Conj/Summ      14%        N/A       100%        7
d - Summon Lightning Spi  Summ/Air       25%        N/A       13%         4

Your spell library contained the following spells:

 Spells                   Type           Power      Damage    Failure   Level
 Summon Small Mammal      Summ           100%       N/A       1%          1
 Poisonous Vapours        Pois/Air       52%        N/A       1%          2
 Static Discharge         Conj/Air       56%        2-5/arc   1%          2
 Foxfire                  Conj/Fire      68%        2x1d7     3%          1
 Kiss of Death            Conj/Necr      68%        2d10      3%          1
 Sting                    Tmut/Pois      60%        1d6       4%          1
 Dazzling Flash           Conj/Hex       34%        N/A       11%         3
 Olgreb's Toxic Radiance  Pois           27%        N/A       11%         4
 Spider Form              Tmut/Pois      15%        N/A       12%         3
 Airstrike                Air            12%        2d(2-18)  13%         4
 Summon Guardian Golem    Hex/Summ       15%        N/A       14%         3
 Apportation              Tloc           8%         N/A       16%         1
 Beastly Appendage        Tmut           8%         N/A       16%         1
 Necrotise                Necr           16%        1d4       16%         1
 Blink                    Tloc           8%         N/A       24%         2
 Scorch                   Fire           8%         2d5       24%         2
 Wereblood                Tmut           4%         N/A       24%         2
 Flame Wave               Conj/Fire      17%        2d7       32%         4
 Iskenderun's Mystic Bla  Conj/Tloc      17%        2d5       32%         4
 Confusing Touch          Hex            4%         N/A       43%         3
 Portal Projectile        Hex/Tloc       8%         N/A       43%         3
 Tukima's Dance           Hex            4%         N/A       43%         3
 Volatile Blastmotes      Fire/Tloc      8%         2d10      43%         3
 Dispel Undead            Necr           4%         3d7       82%         4
 Manifold Assault         Tloc           4%         N/A       82%         4
 Passage of Golubria      Tloc           4%         N/A       82%         4
 Freezing Cloud           Conj/Ice/Air   10%        6-21      52%         5
 Fireball                 Conj/Fire      8%         3d6       65%         5
 Silence                  Hex/Air        7%         N/A       75%         5
 Summon Cactus Giant      Summ           12%        N/A       87%         6
 Agony                    Necr           4%         N/A       98%         5
 Blade Hands              Tmut           2%         N/A       98%         5
 Yara's Violent Unravell  Hex/Tmut       2%         3d3       98%         5
 Plasma Beam              Fire/Air       7%         2x1d18    99%         6
 Starburst                Conj/Fire      8%         6d4       99%         6
 Dispersal                Tloc           2%         N/A       100%        6
 Simulacrum               Ice/Necr       2%         N/A       100%        6
 Ozocubu's Refrigeration  Ice            2%         4d7       100%        7
 Storm Form               Tmut/Air       7%         N/A       100%        7
 Disjunction              Tloc           2%         N/A       100%        8
 Polar Vortex             Ice            2%         N/A       100%        9


Dungeon Overview and Level Annotations

Branches:
Dungeon (15/15)            Temple (1/1) D:5            Lair (5/5) D:11
 Shoals (1/4) Lair:2       Spider (1/4) Lair:3        Slime (0/5) Lair:5
    Orc (2/2) D:11            Elf (1/3) Orc:2        Vaults (0/5) D:13
 Depths (1/4) D:15        Gauntlet (visited)

Altars:
Cheibriados
Dithmenos
Elyvilon
Kikubaaqudgha
Qazlal
Ru
Vehumet
Wu Jian
Xom
Jiyva

Shops:
Orc:2 (!?

Annotations:
D:6 1 runed translucent door, pigah's ghost, amateur OpWn
D:9 exclusion: orange crystal statue
D:10 1 runed translucent door, SirDiesAlot's ghost, journeyman OpVM
Lair:2 1 transporter, exclusion: 2 oklob plants
Shoals:1 Aizul; Mlioglotl


Innate Abilities, Weirdness & Mutations

You are very small and have problems with some larger weapons.
You are too small for most types of armour.
You have supernaturally acute eyesight. (SInv)
You cover ground extremely quickly. (Speed+++)


Message History

The grasping roots constrict the green very ugly thing.
The grasping roots constrict the white ugly thing.
You hear a horrible gurgling sound!
You hear a shout!
You hear a deafening roar!
The green very ugly thing struggles to escape constriction.
The white ugly thing struggles to escape constriction.
The white ugly thing escapes!
A green ugly thing comes into view.
The white ugly thing struggles to escape constriction.
The green very ugly thing basks in the mutagenic energy from its kin and changes!
The white ugly thing basks in the mutagenic energy from its kin and changes!
The green very ugly thing basks in the mutagenic energy from its kin and changes!
A white ugly thing comes into view.
The grasping roots constrict the white ugly thing.
The grasping roots constrict the red very ugly thing.
The grasping roots constrict the white ugly thing.
There is a staircase back to the Dungeon, spattered with blood here.
The grasping roots constrict the white ugly thing!
The grasping roots constrict the red very ugly thing!
The grasping roots constrict the white ugly thing.
The roots release their grip on the red very ugly thing.
The white ugly thing struggles to escape constriction. x2
The roots lose their grip on something. x2
The white ugly thing basks in the mutagenic energy from its kin and changes!
The white ugly thing basks in the mutagenic energy from its kin and changes!
A frost giant comes into view.
It is wielding a +2 battleaxe of freezing.
The frost giant shouts!
You hear a shout!
The green very ugly thing basks in the mutagenic energy from its kin and changes!
The green very ugly thing basks in the mutagenic energy from its kin and changes!
The white ugly thing gurgles horribly!
The frost giant casts a spell at you. The bolt of cold hits you!!
* * * LOW HITPOINT WARNING * * *
You take 20 damage, and have 17/71 hp.
MASSIVE DAMAGE!!
The red ugly thing basks in the mutagenic energy from its kin and changes!
The white ugly thing basks in the mutagenic energy from its kin and changes!
The purple ugly thing basks in the mutagenic energy from its kin and changes!
The frost giant points at you and mumbles some strange words.
The bolt of cold hits you!!
You die...

########################
.......@...............#
.........u.............#
.......?u.u............#
........u...u..........#
......C...u.......$....#
.......uu.......[......#
..........uu...........#
.........u.u...........#
.......).............#


You could see a frost giant, 4 very ugly things and 8 ugly things.

Vanquished Creatures
  Gastronok (D:11)
  Kirke (Lair:3)
  A fire giant (Depths:1)
  Louise (D:15)
  A very ugly thing (D:15)
  A rakshasa (Depths:1)
  5 centaur warriors
  3 vault guards (D:13)
  An ice dragon (Depths:1)
  3 ogre magi
  3 boulder beetles
  12 two-headed ogres
  3 tengu warriors
  Sonja (D:12)
  A skyshark (Lair:5)
  A glowing orange brain (D:9)
  3 lindwurms (Lair:5)
  2 wizards
  5 deep elf pyromancers
  An orc knight (D:15)
  4 cyclopes
  An ugly thing (D:13)
  7 orc sorcerers
  8 elephants (Lair:5)
  A manticore (D:13)
  2 black mambas
  7 cane toads
  4 rime drakes
  2 efreet (D:15)
  12 komodo dragons
  Psyche (D:9)
  4 tengu conjurers
  7 trolls
  12 polar bears
  Prince Ribbit (D:5)
  A tyrant leech (Gauntlet)
  A hornet (D:8)
  3 large abominations (D:14)
  11 blink frogs
  A jumping spider (Spider:1)
  9 slime creatures
  5 wyverns
  7 basilisks
  A fire elemental (D:14)
  55 yaks
  Eustachio (D:4)
  5 steam dragons
  A fire bat (shapeshifter) (D:15)
  2 hogs (Lair:3)
  6 wargs
  A redback (Spider:1)
  5 acid dragons
  7 water moccasins
  A floating eye (Lair:2)
  A swamp drake (Lair:5)
  10 hell hounds (Lair:5)
  12 orc warriors
  4 ice beasts
  13 black bears
  2 sky beasts (D:6)
  17 centaurs
  6 ogres
  25 wolves
  3 small abominations (D:14)
  A kobold brigand (D:10)
  A phantom (D:4)
  11 bullfrogs
  A gnoll sergeant (D:13)
  3 scorpions
  A wight (D:4)
  3 killer bees (D:10)
  A howler monkey (D:10)
  An electric eel (Lair:5)
  13 orc priests
  2 hounds
  4 jellies
  Crazy Yiuf (D:4)
  Ijyb (D:5)
  31 orc wizards
  Natasha (twice) (D:4)
  4 iguanas
  8 hell rats
  3 gnolls (D:5)
  A river rat (D:6)
  13 adders
  2 shadow imps (Gauntlet)
  3 white imps
  3 ufetubi
  4 dart slugs
  2 worms
  69 orcs
  6 endoplasms
  2 giant cockroaches (D:3)
  7 goblins
  6 hobgoblins
  4 jackals (D:1)
  6 quokkas
  6 ball pythons
  4 bats
  2 frilled lizards
  14 kobolds
  3 rats
588 creatures vanquished.

Vanquished Creatures (collateral kills)
  A vault guard (D:13)
  2 slime creatures (D:12)
  A wraith (D:13)
  2 large abominations (D:14)
  3 small abominations (D:14)
9 creatures vanquished.

Vanquished Creatures (others)
  A centaur warrior (D:14)
  A skeletal warrior (D:14)
  An orc sorcerer (Orc:2)
  An ugly thing (D:15)
  A raiju (Lair:5)
  3 slime creatures (D:13)
  2 fire elementals (Lair:2)
  A yak (D:11)
  2 vampire mosquitoes (D:10)
  A hell hound (Lair:5)
  A wolf (Lair:5)
  2 centaurs (D:14)
  A bullfrog (Lair:4)
  3 wights
  An orc wizard (Orc:2)
  Natasha (D:4)
  2 hell rats (Lair:1)
  An adder (D:4)
  2 orcs
28 creatures vanquished.

Grand Total: 625 creatures vanquished

Notes
Turn   | Place    | Note
-------+----------+-------------------------------------------
     0 | D:1      | jasper the Spriggan Brigand began the quest for the Orb.
     0 | D:1      | Reached XP level 1. HP: 10/10 MP: 2/2
    77 | D:1      | Reached skill level 6 in Stealth
   156 | D:1      | Reached XP level 2. HP: 14/14 MP: 3/3
   651 | D:2      | Reached XP level 3. HP: 18/18 MP: 4/4
  1121 | D:2      | Reached skill level 7 in Stealth
  1283 | D:3      | Found a faded altar of an unknown god.
  1298 | D:3      | Prayed at the altar of an unknown god.
  1298 | D:3      | Became a worshipper of Elyvilon the Healer
  1298 | D:3      | Reached * piety under Elyvilon
  1507 | D:3      | Reached XP level 4. HP: 6/22 MP: 5/5
  1947 | D:3      | Reached skill level 8 in Stealth
  1947 | D:3      | Reached XP level 5. HP: 23/25 MP: 6/6
  2029 | D:4      | Reached ** piety under Elyvilon
  2058 | D:4      | Noticed Natasha
  2128 | D:4      | Noticed Eustachio
  2133 | D:4      | Killed Eustachio
  2134 | D:4      | Reached skill level 5 in Short Blades
  2134 | D:4      | Reached XP level 6. HP: 30/30 MP: 7/7
  2242 | D:5      | Entered Level 5 of the Dungeon
  2287 | D:5      | Reached skill level 9 in Stealth
  2290 | D:5      | Noticed Prince Ribbit
  2348 | D:5      | Found a shadowy altar of Dithmenos.
  2458 | D:5      | Killed Prince Ribbit
  2459 | D:5      | Reached XP level 7. HP: 22/33 MP: 8/8
  2644 | D:5      | Reached skill level 10 in Stealth
  2788 | D:5      | Noticed Ijyb
  2796 | D:5      | Noticed Menkaure
  2807 | D:5      | Killed Ijyb
  3000 | D:5      | Noticed a yak
  3001 | D:5      | Noticed a yak
  3001 | D:5      | Noticed a yak
  3002 | D:5      | Found a staircase to the Ecumenical Temple.
  3174 | D:5      | Killed a yak
  3178 | D:6      | Noticed a steam dragon
  3196 | D:6      | Elyvilon protects you from harm!
  3203 | D:7      | Reached XP level 8. HP: 7/37 MP: 9/9
  3386 | D:7      | Found a flagged portal.
  3706 | D:7      | Reached *** piety under Elyvilon
  3851 | D:8      | Found a stormy altar of Qazlal.
  3934 | D:8      | Noticed a two-headed ogre
  3971 | D:8      | Killed a two-headed ogre
  3972 | D:8      | Reached skill level 10 in Short Blades
  4106 | D:7      | Reached skill level 5 in Invocations
  4108 | D:7      | Reached XP level 9. HP: 41/41 MP: 6/13
  4311 | D:6      | Found a runed translucent door.
  4316 | D:6      | Noticed pigah's ghost (amateur OpWn)
  4331 | D:6      | Learned a level 3 spell: Mephitic Cloud
  4397 | D:6      | Noticed a two-headed ogre
  4431 | D:5      | HP: 2/42 [Menkaure (20)]
  4435 | D:5      | Pacified Menkaure
  4467 | D:4      | Elyvilon protects you from harm!
  4808 | D:4      | Killed Natasha
  4828 | D:4      | Killed Natasha
  5173 | D:4      | Noticed Natasha
  5181 | D:4      | Killed Natasha
  5421 | D:4      | Found a runed translucent door.
  5422 | D:4      | Noticed Crazy Yiuf
  5448 | D:4      | Killed Crazy Yiuf
  5594 | D:5      | Reached skill level 11 in Stealth
  6092 | Temple   | Entered the Ecumenical Temple
  6175 | D:6      | Reached XP level 10. HP: 49/49 MP: 17/17
  6277 | D:6      | Killed a two-headed ogre
  6278 | D:6      | Reached skill level 5 in Dodging
  6532 | D:6      | Found a runed translucent door.
  7243 | D:8      | Reached skill level 12 in Stealth
  7971 | D:9      | Reached **** piety under Elyvilon
  7977 | D:9      | Noticed an orange crystal statue
  8145 | D:9      | Noticed a two-headed ogre
  8321 | D:9      | a two-headed ogre changed into a glowing orange brain
  8321 | D:9      | Noticed a glowing orange brain
  8338 | D:9      | Killed a glowing orange brain
  8652 | D:9      | Found a snail-covered altar of Cheibriados.
  8729 | D:9      | Noticed Psyche
  8729 | D:9      | You fall into a shaft and drop 3 floors!
  8831 | D:11     | Noticed a two-headed ogre
  8835 | D:10     | Entered Level 10 of the Dungeon
  8911 | D:10     | Reached ***** piety under Elyvilon
  8999 | D:10     | Found an ornate altar of the Wu Jian Council.
  9083 | D:10     | Reached skill level 5 in Throwing
  9314 | D:10     | Found a runed translucent door.
  9314 | D:10     | Found a shimmering altar of Xom.
  9314 | D:10     | Noticed SirDiesAlot's ghost (journeyman OpVM)
  9499 | D:10     | Noticed a +1 trident of chaos
  9541 | D:10     | Reached skill level 1 in Evocations
  9582 | D:10     | Reached XP level 11. HP: 45/53 MP: 19/19
  9927 | D:9      | Killed Psyche
  9928 | D:9      | Reached skill level 5 in Evocations
 10372 | D:11     | Reached skill level 1 in Conjurations
 10372 | D:11     | Reached skill level 1 in Air Magic
 10372 | D:11     | Reached skill level 1 in Poison Magic
 10496 | D:11     | Killed a two-headed ogre
 10554 | D:11     | Noticed Gastronok
 10890 | D:11     | Found a staircase to the Lair.
 10954 | D:11     | Killed Gastronok
 11360 | D:11     | Found a staircase to the Orcish Mines.
 11469 | D:11     | Reached skill level 1 in Spellcasting
 11995 | Lair:1   | Entered Level 1 of the Lair of Beasts
 12389 | Lair:1   | HP: 2/53 [komodo dragon (24)]
 12426 | Lair:1   | HP: 1/53 [yak (8)]
 12713 | Lair:1   | Reached XP level 12. HP: 58/58 MP: 20/20
 12721 | Lair:1   | Reached skill level 5 in Poison Magic
 13398 | Lair:2   | Reached skill level 5 in Air Magic
 13733 | Lair:2   | Paralysed by a floating eye for 2 turns
 13937 | Lair:2   | Identified the +11 long sword of Antique Reinforcement
                  | {venom, Fly rF+ Dex+2}
 14388 | Lair:2   | Found a transporter.
 14423 | Lair:2   | Reached skill level 5 in Conjurations
 14596 | Lair:2   | Found a staircase to the Shoals.
 14607 | Lair:2   | Found a transporter.
 14868 | Lair:2   | Paralysed by a floating eye for 3 turns
 15068 | Lair:2   | Identified the +1 cloak of Lubbush {rN+}
 15071 | Lair:2   | Identified the +2 chain mail of the Sky {+Blink Stlth+}
 15351 | Lair:3   | Reached skill level 10 in Invocations
 15475 | Lair:3   | Reached skill level 13 in Stealth
 15625 | Lair:3   | Found a hole to the Spider Nest.
 15922 | Lair:3   | Noticed Kirke
 15955 | Lair:3   | Killed Kirke
 15964 | Lair:3   | Learned a level 7 spell: Orb of Destruction
 15972 | Lair:3   | Learned a level 7 spell: Spellforged Servitor
 16159 | Lair:3   | Reached ****** piety under Elyvilon
 16378 | Lair:4   | Reached XP level 13. HP: 56/63 MP: 13/21
 16465 | Lair:4   | Reached skill level 14 in Stealth
 17219 | Lair:5   | Entered Level 5 of the Lair of Beasts
 17233 | Lair:5   | Reached skill level 15 in Stealth
 17679 | Lair:5   | Reached skill level 16 in Stealth
 18272 | Lair:5   | Found the +3 giant club "Skullcrusher" {speed, Str+7}
 18467 | Lair:5   | Reached skill level 17 in Stealth
 18752 | Lair:5   | Found a staircase to the Slime Pits.
 18753 | Lair:5   | Found a viscous altar of Jiyva.
 18964 | Lair:5   | Reached XP level 14. HP: 67/67 MP: 24/24
 19373 | Lair:5   | Reached skill level 18 in Stealth
 19743 | Lair:5   | HP: 3/67 [polar bear (1)]
 20130 | Lair:5   | Upgraded the game from 0.31-a0-174-g85c54bcb58 to
                  | 0.31-a0-175-g9f7f995f2b
 20726 | Orc:1    | Entered Level 1 of the Orcish Mines
 21148 | Orc:2    | Entered Level 2 of the Orcish Mines
 21442 | Orc:2    | Noticed an orc warlord
 21502 | Orc:2    | Pacified an orc warlord
 21503 | Orc:2    | Reached skill level 19 in Stealth
 21824 | Orc:2    | Found a staircase to the Elven Halls.
 21965 | Orc:2    | Found Pyowkuo's Book Shop.
 22052 | Orc:2    | Found Furu's Magic Scroll Boutique.
 22060 | Orc:2    | Bought a scroll of fear for 44 gold pieces
 22060 | Orc:2    | Bought a scroll of fear for 44 gold pieces
 22060 | Orc:2    | Bought a scroll of vulnerability for 44 gold pieces
 22107 | Orc:2    | Reached skill level 20 in Stealth
 22108 | Orc:2    | Found an ancient bone altar of Kikubaaqudgha.
 22143 | Orc:2    | Paralysed by an orc sorcerer for 5 turns
 22618 | Orc:2    | Found a radiant altar of Vehumet.
 22638 | Orc:2    | Found Jicsio's Antique Weapon Shop.
 22675 | Orc:2    | Found Xulis's Distillery.
 22832 | Orc:2    | Bought a potion of heal wounds for 70 gold pieces
 22832 | Orc:2    | Bought a potion of curing for 42 gold pieces
 22832 | Orc:2    | Bought a potion of invisibility for 112 gold pieces
 22832 | Orc:2    | Bought a potion of heal wounds for 70 gold pieces
 22832 | Orc:2    | Bought a potion of curing for 42 gold pieces
 22832 | Orc:2    | Bought a potion of curing for 42 gold pieces
 22832 | Orc:2    | Bought a potion of enlightenment for 70 gold pieces
 23017 | Orc:1    | Reached skill level 21 in Stealth
 23618 | D:12     | Noticed Sonja
 23632 | D:12     | Killed Sonja
 24228 | D:13     | Found a gate to the Vaults.
 24234 | D:13     | Reached skill level 22 in Stealth
 24591 | D:13     | Reached skill level 1 in Summonings
 24913 | D:13     | Reached XP level 15. HP: 53/71 MP: 15/26
 25355 | D:14     | Reached skill level 1 in Shields
 26250 | D:14     | Identified the +7 mace of Watchfulness {flame, rElec}
 27114 | D:15     | Entered Level 15 of the Dungeon
 27189 | D:15     | Found a gate leading to a gauntlet.
 27196 | D:15     | Found a shimmering altar of Xom.
 27212 | Gauntlet | Entered a Gauntlet
 27212 | Gauntlet | Found a transporter.
 27212 | Gauntlet | Found a transporter.
 27227 | Gauntlet | Found a transporter.
 27242 | Gauntlet | Found a transporter.
 27245 | Gauntlet | Found a transporter.
 27245 | Gauntlet | Found a transporter.
 27247 | Gauntlet | Found a transporter.
 27247 | Gauntlet | Found a transporter.
 27259 | Gauntlet | Found a transporter.
 27275 | Gauntlet | Found a transporter.
 27285 | Gauntlet | Found a transporter.
 27299 | Gauntlet | Found a transporter.
 27319 | Gauntlet | Found a transporter.
 27331 | Gauntlet | Found a transporter.
 27503 | Gauntlet | Identified the ring of the King {Fly rPois Will- Dex+3
                  | SInv}
 27532 | Gauntlet | Learned a level 4 spell: Summon Lightning Spire
 28249 | D:15     | Found a staircase to the Depths.
 28749 | D:15     | Noticed Louise
 28753 | D:15     | Killed Louise
 28905 | D:12     | Reached skill level 5 in Summonings
 29260 | D:12     | Found a sacrificial altar of Ru.
 29593 | Spider:1 | Entered Level 1 of the Spider Nest
 29609 | Spider:1 | HP: 2/71 [poisoned by a redback]
 29610 | Spider:1 | Elyvilon protects you from harm!
 29871 | Shoals:1 | Entered Level 1 of the Shoals
 29871 | Shoals:1 | Noticed Mlioglotl
 29881 | Shoals:1 | Noticed Aizul
 31021 | Elf:1    | Entered Level 1 of the Elven Halls
 31379 | Depths:1 | Entered Level 1 of the Depths
 31575 | D:15     | Reached skill level 5 in Spellcasting
 31727 | Depths:1 | Elyvilon protects you from harm!
 31935 | Depths:1 | Noticed a fire giant
 31954 | Depths:1 | Killed a fire giant
 32269 | Depths:1 | Noticed a frost giant
 32274 | Depths:1 | Killed from afar by a frost giant

Illustrated notes

Levels and vault maps discovered:
D:1:      dpeg_arrival_yet_another_circle, layout_rooms,
          chequers_serial_rivers_marsh, minivault_14, minmay_misc_feat_roman
D:2:      kennysheep_big_flooded_room, layout_basic, grunt_decor_arrowhead
D:3:      layout_rooms, shapermc_ecumenical_altar_mp_highgroup
D:4:      cheibrodos_barr_body, layout_rooms, patterned_corridor,
          uniq_crazy_yiuf_cottage, uniq_eustachio, uniq_natasha
D:5:      layout_loops_ring, mainiacjoe_overflow_surrounded_room,
          minmay_temple_entry_mini_moons, minmay_misc_feat_columns,
          palyth_stone_intersect, hangedman_decor_slide_cut, uniq_menkaure,
          uniq_ijyb, uniq_prince_ribbit1
D:6:      layout_rooms, ebering_ghost_sewer_f, minmay_manual_moon
D:7:      layout_loops_ring, enter_bailey_5, chequers_serial_rivers_micro_d,
          david_defended_altar_orc
D:8:      layout_cave_pools, amcnicky_altar_gilded, nicolae_hexahallways
D:9:      layout_basic, kennysheep_slug_shrine, minmay_statue_bubble,
          uniq_psyche
D:10:     layout_loops_corners, nzn_wu_jian_contemplation, ebering_ghost_xom
D:11:     layout_layer_cave, grunt_lair_entry_orc_guard_hut, orc_0_dummy,
          uniq_gastronok
D:12:     layout_cave_pools, nicolae_ru_awakened_eye, uniq_sonja
D:13:     layout_loops_ring, lightli_vaults_fourway_checkpoint
D:14:     layout_grid_maze, nicolae_kite_square_tiling_tiny, laboratory
D:15:     grunt_enter_depths_hoard, layout_gridville, basic_altar,
          gauntlet_entry_generic, uniq_louise
Temple:   mainiacjoe_temple_bowtie_tessellation
Lair:1:   layout_regular_city, eino_small_chamber_without_monster
Lair:2:   gammafunk_cloud_chamber, layout_regular_city,
          minmay_shoals_entry_centaurs, disabler_island
Lair:3:   layout_regular_city, spider_nest_entry_web_field, serial_rivers,
          chequers_serial_rivers_large_b, chequers_serial_rivers_large_a,
          chequers_serial_rivers_micro_c, chequers_serial_rivers_micro_a,
          uniq_kirke
Lair:4:   layout_cave_shapes
Lair:5:   guppyfry_lair_end_dragon, layout_small_grid,
          hangedman_lair_caniforms_friends, minmay_slime_entry_pillars,
          nicolae_lair_lindhole, grunt_megastairs_1, lemuel_fruit_tree,
          infiniplex_staircase_pool
Shoals:1: layout_shoals, serial_nicolae_subway, nicolae_sub_station_metal,
          nicolae_sub_station_crystal, nicolae_sub_station_stone, uniq_aizul,
          uniq_mlioglotl
Spider:1: layout_chambers
Orc:1:    layout_caves
Orc:2:    kennysheep_orc_mage_school, layout_caves
Elf:1:    layout_geoelf_octagon, serial_shops, nicolae_shop_tiny_glass,
          kennysheep_underground_church, corexii_checkpoint_a
Depths:1: layout_cross, pf_vacation_house_of_asmodeus, fiery_altar_vehumet,
          drop_trap, nicolae_shop_overcharged_wands, uniq_enchantress

Skill      XL: |  1  2  3  4  5  6  7  8  9 10 11 12 13 14 15 |
---------------+----------------------------------------------+-----
Stealth        | 6 7 8 9 10 11 12 13 17 22 | 22.1
Short Blades   | 3 4 5 7 8 10 | 10.0
Invocations    | 5 8 9 10 13 | 13.7
Dodging        | 4 6 7 |  7.4
Fighting       | 3 4 |  4.9
Throwing       | 5 |  5.2
Evocations     | 2 5 |  5.1
Conjurations   | 3 5 7 |  7.6
Air Magic      | 4 6 |  6.0
Poison Magic   | 4 6 |  6.5
Spellcasting   | 3 4 5 |  5.6
Summonings     | 2 6 |  6.0
Shields        | 4 |  4.1

Action                     |  1- 3 |  4- 6 |  7- 9 | 10-12 | 13-15 || total
---------------------------+-------+-------+-------+-------+-------++-------
  Melee: Dagger            |    97 |    89 |   281 |   842 |  1476 ||  2785
         Punch             |       |     1 |     4 |    20 |    28 ||    53
         Long sword        |       |       |       |       |     6 ||     6
  Throw: Dart              |     1 |    11 |     8 |    26 |     6 ||    52
         Boomerang         |       |       |     3 |     8 |       ||    11
   Cast: Mephitic Cloud    |       |       |       |    14 |   117 ||   131
         Summon Lightning  |       |       |       |       |    19 ||    19
 Invoke: Heal Other        |       |       |    10 |    24 |   111 ||   145
  Evoke: Wand              |       |       |       |     5 |    28 ||    33
         Lightning rod     |       |       |       |       |     4 ||     4
         Tin of tremorston |       |       |       |       |     2 ||     2
         Phantom mirror    |       |       |       |       |     1 ||     1
    Use: Potion            |       |       |     1 |     5 |     2 ||     8
         Scroll            |       |       |       |    25 |     7 ||    32
   Stab: Sleeping          |    12 |     7 |    22 |    22 |    23 ||    86
         Distracted        |       |       |     2 |     4 |    11 ||    17
         Confused          |       |       |       |    16 |   102 ||   118
         Invisible         |       |       |       |       |     1 ||     1
         Held in net/web   |       |       |       |       |     1 ||     1
 Armour: Robe              |     9 |    14 |    29 |    19 |       ||    71
         Steam dragon scal |       |       |       |     6 |       ||     6
         Troll leather arm |       |       |       |    33 |       ||    33
         Acid dragon scale |       |       |       |    80 |   285 ||   365
  Dodge: Dodged            |    52 |    71 |   173 |   561 |   862 ||  1719
  Block: Buckler           |       |       |       |       |    57 ||    57

Table legend: (Time is in decaauts)
 A = Elapsed time spent in this place.
 B = Non-inter-level travel time spent in this place.
 C = Inter-level travel time spent in this place.
 D = Time resting spent in this place.
 E = Time spent auto-exploring this place.
 F = Levels seen in this place.
 G = Mean time per level.
                   A        B        C        D        E       F      G
               +--------+--------+--------+--------+--------+-----+--------+
         Total |  23617 |  22149 |   1468 |   4314 |  11851 |  28 |  843.5 |
       Dungeon |  14018 |  13059 |    959 |   2285 |   7431 |  15 |  934.5 |
        Temple |      1 |      1 |      0 |      0 |      0 |   1 |    1.0 |
          Lair |   7055 |   6692 |    363 |   1431 |   3452 |   5 | 1411.0 |
        Shoals |      8 |      8 |      0 |      0 |      0 |   1 |    8.0 |
   Spider Nest |     18 |     18 |      0 |      0 |      0 |   1 |   18.0 |
  Orcish Mines |   2158 |   2015 |    143 |    538 |    860 |   2 | 1079.0 |
   Elven Halls |      9 |      9 |      0 |      0 |      0 |   1 |    9.0 |
        Depths |    131 |    131 |      0 |     56 |      2 |   1 |  131.0 |
      Gauntlet |    216 |    216 |      0 |      3 |    105 |   1 |  216.0 |
               +--------+--------+--------+--------+--------+-----+--------+

Top non-repeatable levels by time:
  Lair:5: 2553 daAuts
    D:14: 1925 daAuts
    D:15: 1777 daAuts
  Lair:2: 1662 daAuts
    D:11: 1528 daAuts
   Orc:2: 1266 daAuts
     D:5: 1178 daAuts
  Lair:1: 1099 daAuts
  Lair:3: 1052 daAuts
     D:8: 969 daAuts
    D:12: 908 daAuts
   Orc:1: 892 daAuts
    D:13: 794 daAuts
     D:7: 785 daAuts
    D:10: 779 daAuts
